 Dungeon Crawl Stone Soup version 0.30.1-3-gfc49f6343a (webtiles) character file.

Game seed: 14170644040037480860

12973 Destapler the Grappler (level 11, -21/163 HPs)
             Began as a Troll Berserker on July 25, 2023.
             Was a High Priest of Trog.
             Demolished by an ettin
             ... wielding a +0 dire flail
              (33 damage)
             ... on level 2 of the Orcish Mines.
             The game lasted 00:39:40 (10161 turns).

Destapler the Grappler (Troll Berserker)           Turns: 10161, Time: 00:39:40

Health: -21/163    AC:  9    Str: 35    XL:     11   Next: 69%
Magic:  10/10      EV: 11    Int:  3    God:    Trog [*****.]
Gold:   997        SH:  0    Dex:  9    Spells: 10/10 levels left

rFire   . . .        a - +6 executioner's axe "Cufen" {flame, +Blink Fly rN+ Dex-2}
rCold   . . .        (shield currently unavailable)
rNeg    + . .        d - +2 robe {Will+}
rPois   .            E - +2 hat
rElec   .            x - +0 cloak
rCorr   .            (gloves unavailable)
SInv    +            (boots unavailable)
Will    +++..        h - amulet of faith Stlth
                     M - ring of see invisible
HPRegen 2.27/turn    f - +6 ring of strength
MPRegen 0.12/turn

%: faith
@: berserking, strong-willed, flying, regenerating, studying Ice Magic, very
quick
A: large, unfitting armour, claws 3, regeneration 1, shaggy fur 1, tough skin 1
a: Renounce Religion, Evoke Blink, Berserk, Trog's Hand, Brothers in Arms


You were on level 2 of the Orcish Mines.
You worshipped Trog.
Trog was extremely pleased with you.
You visited 2 branches of the dungeon, and saw 14 of its levels.
You also visited: Sewer.

You collected 1184 gold pieces.
You spent 187 gold pieces at shops.

Inventory:

Hand Weapons
 a - the +6 executioner's axe "Cufen" (weapon) {flame, +Blink Fly rN+ Dex-2}
   (Trog gifted it to you on level 1 of the Orcish Mines)

   Dex:       It affects your dexterity (-2).
   rN:        It protects you from negative energy.
   Fly:       It grants you flight.
   +Blink:    It lets you blink.
Missiles
 t - 5 boomerangs
 N - 9 poisoned darts
 O - 4 javelins
 P - 6 large rocks (quivered)
 Q - a throwing net
 R - 4 datura-tipped darts
 S - 2 curare-tipped darts
Armour
 d - a +2 robe of willpower (worn)
 x - a +0 cloak (worn)
 E - a +2 hat (worn)
 T - a +0 troll leather armour
Jewellery
 e - a +6 ring of dexterity
 f - a +6 ring of strength (right claw)
 h - an amulet of faith (around neck)
 H - a +4 ring of protection
 M - a ring of see invisible (left claw)
Wands
 l - a wand of mindburst (14)
 s - a wand of quicksilver (15)
 v - a wand of polymorph (12)
 w - a wand of digging (6)
 I - a wand of charming (9)
 L - a wand of iceblast (3)
Scrolls
 b - 10 scrolls of teleportation
 c - 4 scrolls of enchant weapon {unknown}
 i - 3 scrolls of torment {unknown}
 j - a scroll of vulnerability {unknown}
 k - 3 scrolls of amnesia {unknown}
 n - 2 scrolls of fear {unknown}
 q - 2 scrolls of noise {unknown}
 r - a scroll of fog {unknown}
 u - 4 scrolls of enchant armour
 y - 2 scrolls of acquirement
 D - a scroll of brand weapon {unknown}
 F - a scroll of magic mapping
 J - a scroll of immolation
 K - 2 scrolls of poison
Potions
 g - 5 potions of lignification
 m - 7 potions of curing
 o - 3 potions of berserk rage
 p - 4 potions of heal wounds
 z - 2 potions of might
 A - a potion of cancellation
 B - 3 potions of brilliance
 C - a potion of flight


   Skills:
 - Level 7.5 Fighting
 + Level 6.0 Axes
 - Level 2.0 Throwing
 - Level 7.4 Dodging
 - Level 11.2 Unarmed Combat
 - Level 4.9 Evocations


You had 10 spell levels left.
You didn't know any spells.
Your spell library contained the following spells:

 Spells                   Type           Power      Damage    Failure   Level
 Blink                    Tloc           0%         N/A       67%         2
 Cigotuvi's Dreadful Rot  Necr/Pois/Air  0%         N/A       67%         2
 Lesser Beckoning         Tloc           0%         N/A       67%         2
 Momentum Strike          Conj/Tloc      0%         3d8       67%         2
 Ignite Poison            Fire/Tmut/Pois 0%         N/A       88%         3
 Freezing Cloud           Conj/Ice/Air   0%         6-21      100%        5


Dungeon Overview and Level Annotations

Branches:
Dungeon (12/15)            Temple (0/1) D:5            Lair (0/5) D:10
    Orc (2/2) D:11          Sewer (visited)
    Elf: Orc:2

Altars:
Ashenzari
Elyvilon
Gozag
Makhleb
Okawaru

Shops:
D:4 !   D:10 ::((   D:11 !   Orc:2 :(

Annotations:
D:12 Frances


Innate Abilities, Weirdness & Mutations

You are too large for most types of armour.
You have claws for hands.
Your natural rate of healing is unusually fast.
You are covered in fur. (AC +1)
You have tough skin. (AC +1)


Message History

There is a stone staircase leading up here.
Throw: 8 large rocks
Press: ? - help, Q - select action, (/) - cycle Shift-Dir - straight line, f - orc sorcerer
Aim: an orc sorcerer, wielding a +0 dagger and wearing a +0 robe (51% to hit)
You throw a large rock. The large rock hits the orc sorcerer!!
The orc sorcerer is severely wounded.
The orc sorcerer gestures at you while chanting.
The bolt of negative energy hits you! You partially resist.
You feel drained.
Throw: 7 large rocks
Press: ? - help, Q - select action, (/) - cycle Shift-Dir - straight line, f/p - orc sorcerer
Aim: an orc sorcerer, wielding a +0 dagger and wearing a +0 robe (heavily wounded, 51% to hit)
You throw a large rock. The large rock hits the orc sorcerer!
The orc sorcerer is almost dead.
The orc sorcerer points at you and mumbles some strange words.
The bolt of fire hits you!!
The orc wizard hits you but does no damage.
You slash the orc sorcerer! You burn the orc sorcerer.
You kill the orc sorcerer!
Trog accepts your kill.
Trog appreciates your killing of a magic user.
You slash the orc wizard! You burn the orc wizard!
You kill the orc wizard!
Trog accepts your kill.
Trog appreciates your killing of a magic user.
Your life force feels restored.
Your Axes skill increases to level 6!
Unknown command.
You slice the ettin!! You burn the ettin!
The ettin is severely wounded.
You hear a shout!
The ettin hits you with a +0 dire flail!!
* * * LOW HITPOINT WARNING * * *
The ettin hits you with a +0 heavy dire flail!
* * * LOW HITPOINT WARNING * * *
A red film seems to cover your vision as you go berserk!
You feel yourself moving faster!
You feel mighty!
The ettin hits you with a +0 dire flail!!
* * * LOW HITPOINT WARNING * * *
The ettin hits you with a +0 heavy dire flail!!
You die...

...#4#≈≈≈....[....#...
#..oo≈≈≈≈~..............
..O.o≈≈∩.....((........#
....≈≈≈~~...(.(........
....≈≈≈...............
......(..........
.......(.......#
......).).....#
......).C@....#
......)......#...
................#
...........#...##
....##.........# ...#
#.........# ...
##.......... ..
...#.....#.


You could see an ettin.

Vanquished Creatures
  A two-headed ogre (Orc:1)
  A boulder beetle (D:11)
  An orc sorcerer (Orc:2)
  A cyclops (D:11)
  2 unseen horrors (D:11)
  5 trolls
  Grinder (Sewer)
  A hornet (D:10)
  A shadow (D:10)
  7 yaks
  2 wyverns
  A wraith (D:9)
  3 vampire mosquitoes
  A warg (Orc:2)
  3 acid dragons (D:11)
  2 water moccasins
  12 orc warriors
  An ice beast (D:7)
  2 black bears
  A sky beast (D:7)
  9 ogres
  6 centaurs
  A phantom (D:7)
  4 kobold brigands
  4 bullfrogs
  3 scorpions
  3 wights (D:9)
  5 howler monkeys
  A hound (D:7)
  A quasit (Sewer)
  A jelly (D:7)
  2 gnoll boudas (D:6)
  7 orc priests
  6 iguanas
  Crazy Yiuf (D:4)
  16 orc wizards
  2 sleepcaps (D:6)
  Ijyb (D:4)
  Natasha (D:4)
  Robin (D:4)
  6 adders
  20 gnolls
  3 shadow imps (Sewer)
  2 white imps (D:6)
  3 ufetubi (Sewer)
  2 worms (D:3)
  A dart slug (D:1)
  71 orcs
  3 ball pythons
  4 endoplasms
  7 giant cockroaches
  12 goblins
  10 hobgoblins
  5 jackals
  35 kobolds
  A quokka (D:1)
  9 bats
  3 frilled lizards (D:1)
  2 kobold zombies (Sewer)
  8 rats
331 creatures vanquished.

Vanquished Creatures (collateral kills)
  An orc knight (Orc:1)
  An ugly thing (D:11)
  A troll (Orc:1)
  An orc (Orc:1)
4 creatures vanquished.

Grand Total: 335 creatures vanquished

Notes
Turn   | Place    | Note
-------+----------+-------------------------------------------
     0 | D:1      | Destapler the Troll Berserker began the quest for the Orb.
     0 | D:1      | Reached XP level 1. HP: 22/22 MP: 0/0
    73 | D:1      | Reached XP level 2. HP: 29/29 MP: 1/1
   208 | D:1      | Reached ** piety under Trog
   284 | D:1      | Reached XP level 3. HP: 36/36 MP: 2/2
   977 | D:2      | Reached skill level 4 in Unarmed Combat
  1481 | D:3      | Found a faded altar of an unknown god.
  1641 | D:3      | Reached XP level 4. HP: 44/44 MP: 3/3
  1954 | D:4      | Noticed Ijyb
  1966 | D:4      | Killed Ijyb
  1971 | D:4      | Reached XP level 5. HP: 53/53 MP: 4/4
  2022 | D:4      | Found Kalugg's Distillery.
  2035 | D:4      | Bought 2 potions of curing for 78 gold pieces
  2035 | D:4      | Bought a potion of degeneration for 13 gold pieces
  2233 | D:4      | Found a runed translucent door.
  2234 | D:4      | Noticed Crazy Yiuf
  2351 | D:4      | Found a broken altar of Ashenzari.
  2378 | D:4      | Reached *** piety under Trog
  2382 | D:4      | Reached skill level 5 in Unarmed Combat
  2408 | D:4      | Noticed Robin
  2438 | D:4      | Killed Robin
  2522 | D:4      | Reached XP level 6. HP: 61/61 MP: 5/5
  2554 | D:4      | Noticed Natasha
  2558 | D:4      | Killed Natasha
  2559 | D:4      | Reached skill level 1 in Axes
  2707 | D:4      | Killed Crazy Yiuf
  2732 | D:5      | Entered Level 5 of the Dungeon
  2744 | D:5      | Found a glowing drain.
  2760 | Sewer    | Entered a sewer
  2823 | Sewer    | Reached **** piety under Trog
  2911 | Sewer    | Reached skill level 1 in Evocations
  2916 | Sewer    | Found a burning altar of Makhleb.
  2921 | Sewer    | Reached XP level 7. HP: 67/67 MP: 6/6
  2944 | Sewer    | Noticed Grinder
  2958 | Sewer    | Killed Grinder
  2959 | Sewer    | Reached skill level 6 in Unarmed Combat
  3172 | D:5      | Found a staircase to the Ecumenical Temple.
  3445 | D:5      | Reached XP level 8. HP: 75/78 MP: 7/7
  4047 | D:6      | Reached skill level 7 in Unarmed Combat
  4204 | D:6      | Reached ***** piety under Trog
  4763 | D:7      | Reached skill level 8 in Unarmed Combat
  4763 | D:7      | Reached XP level 9. HP: 75/87 MP: 8/8
  4817 | D:7      | Reached skill level 5 in Fighting
  4820 | D:7      | Reached skill level 5 in Dodging
  5206 | D:7      | Received a gift from Trog
  5468 | D:8      | Reached skill level 9 in Unarmed Combat
  5639 | D:8      | Found an iron altar of Okawaru.
  5644 | D:8      | Found an opulent altar of Gozag.
  6043 | D:8      | Reached XP level 10. HP: 98/98 MP: 9/9
  6271 | D:8      | Identified 2 scrolls of acquirement
  6364 | D:9      | Reached skill level 10 in Unarmed Combat
  6935 | D:10     | Entered Level 10 of the Dungeon
  6946 | D:10     | Found Xefeoth's Book Shoppe.
  7001 | D:10     | Found Yhiow's Book Emporium.
  7164 | D:10     | Found Toggoank's Antique Weapon Emporium.
  7174 | D:10     | Found a transporter.
  7178 | D:10     | Found Lumoxt's Weapon Shop.
  7180 | D:10     | Found a transporter.
  7185 | D:10     | Bought 4 boomerangs for 96 gold pieces
  7189 | D:10     | Found a staircase to the Lair.
  7802 | D:10     | Found a white marble altar of Elyvilon.
  8240 | D:11     | Found Gaeqaw's Distillery.
  8354 | D:11     | Noticed a cyclops
  8361 | D:11     | Killed a cyclops
  8432 | D:11     | Noticed a green ugly thing
  8442 | D:11     | Killed a green ugly thing
  8563 | D:11     | Reached XP level 11. HP: 109/109 MP: 10/10
  8843 | D:11     | Found a staircase to the Orcish Mines.
  8920 | D:11     | Noticed a boulder beetle
  8933 | D:11     | Killed a boulder beetle
  9340 | D:12     | Reached skill level 11 in Unarmed Combat
  9403 | D:12     | Noticed Frances
  9462 | Orc:1    | Entered Level 1 of the Orcish Mines
  9746 | Orc:1    | Found a burning altar of Makhleb.
  9771 | Orc:1    | Reached skill level 5 in Axes
  9917 | Orc:2    | Entered Level 2 of the Orcish Mines
  9917 | Orc:2    | Found Xisul's Weapon Emporium.
  9958 | Orc:2    | Noticed an orc sorcerer
  9977 | Orc:2    | Noticed an orc knight
  9977 | Orc:2    | Noticed an orc sorcerer
  9977 | Orc:2    | Found Wina's Book Boutique.
  9989 | Orc:1    | Killed an orc knight
  9990 | Orc:1    | Reached skill level 1 in Throwing
 10022 | Orc:2    | Noticed a two-headed ogre
 10035 | Orc:1    | Killed a two-headed ogre
 10035 | Orc:1    | Identified the +6 executioner's axe "Cufen" {flame, +Blink
                  | Fly rN+ Dex-2} (Trog gifted it to you on level 1 of the
                  | Orcish Mines)
 10035 | Orc:1    | Received a gift from Trog
 10046 | Orc:2    | Noticed an ogre mage
 10087 | Orc:2    | Noticed an ogre mage
 10087 | Orc:2    | Noticed a two-headed ogre
 10154 | Orc:2    | Noticed an ettin
 10159 | Orc:2    | Killed an orc sorcerer
 10161 | Orc:2    | Demolished by an ettin

Illustrated notes

Levels and vault maps discovered:
D:1:      amcnicky_arrival_underground_garden, layout_loops_ring, minivault_19,
          st_stairs_11, minmay_gold_behind_fungi, chequers_serial_rivers_micro_d
D:2:      wad_lake_hut, layout_loops_ring, minmay_misc_feat_tiny
D:3:      layout_basic, chequers_ecumenical_altar_simple_redux
D:4:      layout_basic, mainiacjoe_overflow_alcove_2, serial_shops, shop,
          uniq_natasha, uniq_ijyb, uniq_crazy_yiuf_cottage, uniq_robin
D:5:      layout_basic, minmay_temple_entry_large_hall,
          cheibrodos_sewer_entry_drain, hangedman_decor_points,
          grunt_decor_mini_mirrors, minmay_manual_mares
D:6:      layout_cave_pools, serial_bayou_pond_e
D:7:      layout_loops_ring
D:8:      layout_gridville, grunt_temple_overflow_open
D:9:      layout_basic
D:10:     layout_irregular_city, elyvilon_altar_1, lair_entry_dummy,
          serial_shops, shop, nicolae_shop_scrapyard, nicolae_shop_drivethru,
          kennysheep_little_box
D:11:     layout_loops_ring, hiddenorc1_lemuel, serial_shops,
          nicolae_shop_waterfront, minmay_misc_feat_rugged
D:12:     layout_grid_maze, uniq_frances
Orc:1:    layout_caves, bloody_makhleb
Orc:2:    st_orc_ogre_mass, layout_caves, basic_altar, serial_shops, shop, shop,
          nicolae_shop_waterfront, guppyfry_library_mini

Skill      XL: |  1  2  3  4  5  6  7  8  9 10 11 |
---------------+----------------------------------+-----
Unarmed Combat | 4 5 6 8 9 10 11 | 11.2
Dodging        | 3 4 6 7 |  7.4
Fighting       | 3 4 6 7 |  7.5
Axes           | 1 2 3 4 6 |  6.0
Evocations     | 1 3 4 |  4.9
Throwing       | 2 |  2.0

Action                     |  1- 3 |  4- 6 |  7- 9 | 10-12 || total
---------------------------+-------+-------+-------+-------++-------
  Melee: Unarmed           |   107 |   167 |   264 |   246 ||   784
         Punch             |     2 |     6 |    14 |    12 ||    34
         Executioner's axe |       |       |       |    11 ||    11
  Throw: Dart              |       |       |       |     6 ||     6
         Large rock        |       |       |       |     5 ||     5
         Javelin           |       |       |       |     1 ||     1
 Invoke: Berserk           |       |     5 |     6 |     9 ||    20
         Trog's Hand       |       |       |     3 |     6 ||     9
         Brothers in Arms  |       |       |       |     2 ||     2
  Evoke: Wand              |       |       |       |     2 ||     2
    Use: Scroll            |       |     1 |       |    13 ||    14
         Potion            |       |       |       |     2 ||     2
   Stab: Sleeping          |       |     5 |     4 |     1 ||    10
         Distracted        |       |       |       |     1 ||     1
 Armour: Animal skin       |    36 |    39 |    72 |     4 ||   151
         Robe              |       |       |       |   108 ||   108
  Dodge: Dodged            |    42 |    81 |   203 |   187 ||   513
